 Dungeon Crawl Stone Soup version 0.31-a0-217-g58bb5d7 (webtiles) character file.

Game seed: 16623029569265441300

401 lyrin the Slasher (level 6, -7/53 HPs)
             Began as a Gnoll Cinder Acolyte on July 2, 2023.
             Was a High Priest of Ignis.
             Killed by divine providence
             ... invoked by an orc priest
              (11 damage)
             ... on level 4 of the Dungeon.
             The game lasted 00:06:07 (4196 turns).

lyrin the Slasher (Gnoll Cinder Acolyte)            Turns: 4196, Time: 00:06:08

Health: -7/53      AC:  9    Str: 10 (13) XL:     6   Next: 85%
Magic:  11/11      EV: 10    Int: 15 (16) God:    Ignis [*****.]
Gold:   246        SH:  0    Dex:  4 (7)  Spells: 10/12 levels left

rFire   + + +        a - -1 falchion (flame)
rCold   + . .        (no shield)
rNeg    . . .        m - +1 ring mail {rF+}
rPois   .            (no helmet)
rElec   .            (no cloak)
rCorr   .            g - +2 pair of gloves
SInv    .            (no boots)
Will    .....        n - amulet of magic regeneration Stlth
                     (no ring)
HPRegen 0.28/turn    (no ring)
MPRegen 0.52/turn

%: no passive effects
@: confused
A: fangs 1, strong nose, distributed training, claws 1, cold resistance 1, fire
resistance 1
a: Renounce Religion, Fiery Armour, Foxfire Swarm, Rising Flame


You were on level 4 of the Dungeon.
You worshipped Ignis.
Ignis was extremely pleased with you.
You visited 1 branch of the dungeon, and saw 4 of its levels.

You collected 246 gold pieces.

Inventory:

Hand Weapons
 a - a -1 falchion of flaming (weapon)
 k - a +0 trident
Missiles
 e - 13 poisoned darts
 p - 6 curare-tipped darts
Armour
 g - a +2 pair of gloves (worn)
 m - a +1 ring mail of fire resistance (worn)
Jewellery
 h - an amulet of regeneration
 n - an amulet of magic regeneration (around neck)
Wands
 b - a wand of mindburst (16)
Scrolls
 f - 3 scrolls of identify {unknown}
 j - a scroll of revelation {unknown}
 l - a scroll of amnesia {unknown}
Potions
 c - a potion of enlightenment {unknown}
 d - 2 potions of mutation
 o - 2 potions of heal wounds {unknown}


   Skills:
 + Level 6.9 Fighting
 + Level 2.2 Short Blades
 + Level 6.9 Long Blades
 + Level 2.2 Axes
 + Level 2.2 Maces & Flails
 + Level 2.2 Polearms
 + Level 2.2 Staves
 + Level 2.2 Ranged Weapons
 + Level 2.2 Throwing
 + Level 2.2 Armour
 + Level 2.2 Dodging
 + Level 2.2 Stealth
 + Level 2.2 Shields
 + Level 2.2 Unarmed Combat
 + Level 3.6 Spellcasting
 + Level 1.8 Conjurations
 + Level 1.8 Hexes
 + Level 1.8 Summonings
 + Level 1.8 Necromancy
 + Level 1.8 Translocations
 + Level 1.8 Transmutations
 + Level 5.7 Fire Magic
 + Level 1.8 Ice Magic
 + Level 1.8 Air Magic
 + Level 1.8 Earth Magic
 + Level 1.8 Poison Magic
 + Level 2.4 Invocations
 + Level 2.2 Evocations


You had 10 spell levels left.
You knew the following spells:

 Your Spells              Type           Power      Damage    Failure   Level
a - Scorch                Fire           40%        2d6       7%          2

Your spell library contained the following spells:

 Spells                   Type           Power      Damage    Failure   Level
 Freeze                   Ice            32%        1d5       22%         1
 Volatile Blastmotes      Fire/Tloc      28%        2d12      30%         3
 Dazzling Flash           Conj/Hex       16%        N/A       56%         3
 Frozen Ramparts          Ice            16%        1d3       56%         3
 Hailstorm                Conj/Ice       8%         3d4       56%         3
 Iskenderun's Mystic Bla  Conj/Tloc      8%         2d4       92%         4
 Starburst                Conj/Fire      7%         6d4       100%        6


Dungeon Overview and Level Annotations

Branches:
Dungeon (4/15)
 Temple: D:4-7

Altars:
Ashenzari

Shops:
D:1 =   D:2 !


Innate Abilities, Weirdness & Mutations

You have very sharp teeth.
Your uncanny sense of smell can sniff out nearby items.
Your experience applies equally to all skills.
You have sharp fingernails.
Your flesh is cold resistant. (rC+)
Your flesh is heat resistant. (rF+)


Message History

The puff of flame hits you. You resist. The orc barely misses you.
The orc attacks as you move away! The orc barely misses you.
The orc attacks as you move away! The orc hits you but does no damage.
An orc wizard comes into view. It is wielding a +0 dagger.
The orc wizard shouts!
An orc comes into view. It is wielding a +0 falchion.
Found an escape hatch in the ceiling.
The orc attacks as you move away! The orc hits you with a +0 morningstar.
The orc wizard mumbles some strange words.
The orc wizard flickers and vanishes!
The orc wizard barely misses you. The orc wizard closely misses you.
The orc hits you with a +0 falchion. The orc attacks as you move away!
The orc hits you with a +0 morningstar.
The orc priest begins to cast a cantrip, but forgets the words!
The orc wizard barely misses you. The orc hits you but does no damage.
The orc wizard attacks as you move away!
The orc wizard hits you but does no damage.
The orc priest calls down the wrath of Beogh upon you.
Beogh smites you!
The orc wizard points at you and mumbles some strange words.
You are confused.
The orc barely misses you. Something hits you but does no damage.
It was a potion of mutation.
You feel extremely strange.
You feel resistant to cold.
You feel resistant to heat.
Your fingernails lengthen.
The orc closely misses you.
The orc priest mumbles some strange prayers to Beogh against you.
Beogh smites you!
* * * LOW HITPOINT WARNING * * *
Something hits you.
* * * LOW HITPOINT WARNING * * *
The orc priest begins to cast a cantrip, but forgets the words!
The orc hits you but does no damage.
It was a potion of degeneration.
There was something very wrong with that liquid.
You feel weakened.
You feel dopey.
You feel clumsy. The orc closely misses you. The orc priest closely misses you.
The orc priest calls down the wrath of Beogh upon you.
Beogh smites you!
You die...

#.# ##.#.....#.#.#.#...#.##.####
#.# ##.#................'........
#.###.#...##..#.#.#.#...#....####
#.##.#....##............###.##
#.#.#.....##.........(..# #'#
.#†#......##............#...o.o..
#.#.......##............#...og...
.# .......##....o.......#...)...<
. .....####..<.@.oo....#........
....#.# #..ooo.o.....#........
.....## #....o.......#........ .
....#.###............#.......#
.#.....####.............# #.#..
#..############# .... +.#
#.#..... ## .# ....###


You could see 3 orc priests, an orc wizard and 4 orcs.

Vanquished Creatures
  A scorpion (D:4)
  An orc priest (D:4)
  2 hounds (D:3)
  2 orc wizards (D:4)
  5 adders
  5 gnolls
  A white imp (D:4)
  A worm (D:4)
  2 dart slugs
  5 orcs
  18 ball pythons
  7 endoplasms
  4 giant cockroaches
  6 goblins
  7 hobgoblins
  3 jackals (D:4)
  3 quokkas
  10 bats
  4 frilled lizards
  5 kobolds
  5 rats
97 creatures vanquished.

Notes
Turn   | Place    | Note
-------+----------+-------------------------------------------
     0 | D:1      | lyrin the Gnoll Cinder Acolyte began the quest for the Orb.
     0 | D:1      | Reached XP level 1. HP: 23/23 MP: 4/4
   141 | D:1      | Reached XP level 2. HP: 23/29 MP: 5/5
   569 | D:1      | Found Zafrug's Jewellery Boutique.
   599 | D:1      | Reached XP level 3. HP: 33/35 MP: 7/7
   929 | D:2      | Reached skill level 1 in Invocations
  1170 | D:2      | Found a broken altar of Ashenzari.
  1197 | D:2      | Reached skill level 1 in Short Blades
  1197 | D:2      | Reached skill level 1 in Axes
  1197 | D:2      | Reached skill level 1 in Maces & Flails
  1197 | D:2      | Reached skill level 1 in Polearms
  1197 | D:2      | Reached skill level 1 in Staves
  1197 | D:2      | Reached skill level 1 in Ranged Weapons
  1197 | D:2      | Reached skill level 1 in Throwing
  1197 | D:2      | Reached skill level 1 in Armour
  1197 | D:2      | Reached skill level 1 in Dodging
  1197 | D:2      | Reached skill level 1 in Stealth
  1197 | D:2      | Reached skill level 1 in Shields
  1197 | D:2      | Reached skill level 1 in Unarmed Combat
  1197 | D:2      | Reached skill level 1 in Evocations
  1204 | D:2      | Learned a level 2 spell: Scorch
  1542 | D:2      | Reached XP level 4. HP: 41/41 MP: 3/8
  1628 | D:2      | Found Puluig's Distillery.
  1970 | D:2      | Reached skill level 1 in Conjurations
  1970 | D:2      | Reached skill level 1 in Hexes
  1970 | D:2      | Reached skill level 1 in Summonings
  1970 | D:2      | Reached skill level 1 in Necromancy
  1970 | D:2      | Reached skill level 1 in Translocations
  1970 | D:2      | Reached skill level 1 in Transmutations
  1970 | D:2      | Reached skill level 1 in Ice Magic
  1970 | D:2      | Reached skill level 1 in Air Magic
  1970 | D:2      | Reached skill level 1 in Earth Magic
  1970 | D:2      | Reached skill level 1 in Poison Magic
  2393 | D:2      | Reached XP level 5. HP: 47/47 MP: 6/9
  3561 | D:3      | Reached XP level 6. HP: 53/53 MP: 0/11
  4195 | D:4      | Gained mutation: Your flesh is cold resistant. (rC+)
                  | [potion of mutation]
  4195 | D:4      | Gained mutation: Your flesh is heat resistant. (rF+)
                  | [potion of mutation]
  4195 | D:4      | Gained mutation: You have sharp fingernails. [potion of
                  | mutation]
  4196 | D:4      | Killed from afar by an orc priest

Illustrated notes

Levels and vault maps discovered:
D:1:      dpeg_arrival_refuge, layout_basic, serial_shops,
          nicolae_shop_back_alley_shop, minmay_ruptured
D:2:      minmay_diamond_boxcup, layout_basic, serial_shops,
          nicolae_shop_waterfront, basic_altar
D:3:      layout_loops_ring, moated_statue, cheibrodos_gnoll_hut
D:4:      wad_pebble_path, layout_basic, serial_glass, glass_columns_a,
          glass_columns_c

Skill      XL: |  1  2  3  4  5  6 |
---------------+-------------------+-----
Invocations    | 1 2 |  2.4
Short Blades   | 1 2 |  2.2
Axes           | 1 2 |  2.2
Maces & Flails | 1 2 |  2.2
Polearms       | 1 2 |  2.2
Staves         | 1 2 |  2.2
Ranged Weapons | 1 2 |  2.2
Throwing       | 1 2 |  2.2
Armour         | 1 2 |  2.2
Dodging        | 1 2 |  2.2
Stealth        | 1 2 |  2.2
Shields        | 1 2 |  2.2
Unarmed Combat | 1 2 |  2.2
Evocations     | 1 2 |  2.2
Spellcasting   | 3 |  3.6
Conjurations   | 1 |  1.8
Hexes          | 1 |  1.8
Summonings     | 1 |  1.8
Necromancy     | 1 |  1.8
Translocations | 1 |  1.8
Transmutations | 1 |  1.8
Ice Magic      | 1 |  1.8
Air Magic      | 1 |  1.8
Earth Magic    | 1 |  1.8
Poison Magic   | 1 |  1.8
Fighting       | |  6.9
Long Blades    | |  6.9
Fire Magic     | |  5.7

Action                     |  1- 3 |  4- 6 || total
---------------------------+-------+-------++-------
  Melee: Falchion          |    91 |    42 ||   133
         Punch             |     3 |     3 ||     6
         Bite              |     2 |     3 ||     5
   Cast: Scorch            |    10 |    83 ||    93
    Use: Potion            |       |     2 ||     2
 Armour: Robe              |    34 |     4 ||    38
         Ring mail         |       |    35 ||    35
  Dodge: Dodged            |    55 |    59 ||   114

Table legend: (Time is in decaauts)
 A = Elapsed time spent in this place.
 B = Non-inter-level travel time spent in this place.
 C = Inter-level travel time spent in this place.
 D = Time resting spent in this place.
 E = Time spent auto-exploring this place.
 F = Levels seen in this place.
 G = Mean time per level.
                   A        B        C        D        E       F      G
               +--------+--------+--------+--------+--------+-----+--------+
         Total |   4193 |   4109 |     84 |    278 |   3070 |   4 | 1048.2 |
       Dungeon |   4193 |   4109 |     84 |    278 |   3070 |   4 | 1048.2 |
               +--------+--------+--------+--------+--------+-----+--------+

Top non-repeatable levels by time:
     D:3: 1387 daAuts
     D:2: 1361 daAuts
     D:1: 1095 daAuts
     D:4: 349 daAuts
